 Dungeon Crawl Stone Soup version 0.32-a0-768-g0f6f1dd4b9 (webtiles) character file.

Game seed: 3321549871150493011

19859 Berder the Destroyer (level 12, -4/66 HPs)
             Began as an Octopode Fire Elementalist on Mar 19, 2024.
             Was a Priest of Vehumet.
             Slain by a skyshark (6 damage)
             ... on level 3 of the Lair of Beasts.
             The game lasted 00:39:16 (17902 turns).

Berder the Destroyer (Octopode Fire Elementalist)  Turns: 17902, Time: 00:39:17

Health: -4/66      AC:  5    Str:  7 (9)  XL:     12   Next: 73%
Magic:  4/26       EV: 12    Int: 21      God:    Vehumet [***...]
Gold:   6          SH:  0    Dex: 12      Spells: 10/31 levels left

rFire   . . .        c - staff of conjuration
rCold   + . .        (no shield)
rNeg    . . .        (helmet restricted)
rPois   .            (no amulet)
rElec   .            x - +4 ring of protection
rCorr   +            j - ring of protection from cold
SInv    .            w - ring of resist corrosion
Will    .....        (no ring)
Stlth   +++          (no ring)
HPRegen 0.31/turn    (no ring)
MPRegen 0.20/turn    (no ring)
                     (no ring)

%: no passive effects
@: about to teleport
A: almost no armour, amphibious, 8 rings, camouflage 1, gelatinous body 1,
(nimble swimmer 1), tentacles
a: Renounce Religion


You were on level 3 of the Lair of Beasts.
You worshipped Vehumet.
Vehumet was most pleased with you.
You visited 3 branches of the dungeon, and saw 14 of its levels.
You also visited: Volcano.

You collected 806 gold pieces.
You spent 800 gold pieces at shops.

Inventory:

Hand Weapons
 i - a +0 dagger
 k - a +0 trident
 o - a +3 falchion
 t - a +4 sling
 C - a +4 long sword
 J - a +2 rapier of draining
Missiles
 p - 3 curare-tipped darts (quivered)
 v - 2 throwing nets
Magical Staves
 c - a staff of conjuration (weapon)
Jewellery
 h - a ring of protection from cold
 j - a ring of protection from cold (right tentacle)
 w - a ring of resist corrosion (on tentacle)
 x - a +4 ring of protection (left tentacle)
 F - an amulet of guardian spirit
Wands
 b - a wand of flame (12)
 u - a wand of iceblast (8)
 y - a wand of polymorph (4)
 K - a wand of charming (4)
Scrolls
 d - 2 scrolls of poison {unknown}
 e - 3 scrolls of fog
 f - 2 scrolls of silence {unknown}
 g - 3 scrolls of teleportation
 q - 2 scrolls of enchant weapon
 r - 4 scrolls of amnesia
 s - a scroll of brand weapon
 E - a scroll of noise
 G - 2 scrolls of vulnerability {unknown}
Potions
 a - a potion of magic
 l - 8 potions of curing
 m - 2 potions of haste
 n - a potion of lignification
 z - 2 potions of mutation
 A - 2 potions of resistance
 B - a potion of attraction
 D - 2 potions of might {unknown}


   Skills:
 - Level 2.0 Dodging
 - Level 2.6 Stealth
 - Level 10.0 Spellcasting
 + Level 12.9 Conjurations
 + Level 12.9 Fire Magic


You had 10 spell levels left.
You knew the following spells:

 Your Spells              Type           Power      Damage    Failure   Level
a - Magic Dart            Conj           100%       1d8       1%          1
b - Foxfire               Conj/Fire      100%       2x1d9     1%          1
c - Flame Wave            Conj/Fire      77%        2d17      1%          4
d - Starburst             Conj/Fire      38%        6d11      1%          6
e - Scorch                Fire           100%       2d9       1%          2
f - Searing Ray           Conj           100%       2d8       1%          2
g - Fireball              Conj/Fire      38%        3d16      1%          5

Your spell library contained the following spells:

 Spells                   Type           Power      Damage    Failure   Level
 Frozen Ramparts          Ice            20%        1d4       5%          3
 Sting                    Conj/Alch      100%       1d9       1%          1
 Static Discharge         Conj/Air       100%       3-8/arc   1%          2
 Dazzling Flash           Conj/Hex       100%       N/A       1%          3
 Inner Flame              Hex/Fire       37%        N/A       1%          3
 Volatile Blastmotes      Fire/Tloc      74%        2d16      1%          3
 Fulminant Prism          Conj/Alch      27%        3d14      1%          4
 Mercury Vapours          Alch/Air       20%        N/A       2%          2
 Slow                     Hex            40%        N/A       6%          1
 Cigotuvi's Dreadful Rot  Necr/Alch/Air  20%        N/A       10%         2
 Airstrike                Air            5%         2d(1-17)  17%         4
 Plasma Beam              Fire/Air       18%        2x1d30    17%         6
 Confusing Touch          Hex            10%        N/A       19%         3
 Vampiric Draining        Necr           10%        2d6       19%         3
 Yara's Violent Unravell  Hex/Alch       5%         3d4       41%         5
 Animate Dead             Necr           10%        N/A       54%         4
 Petrify                  Alch/Erth      10%        N/A       54%         4
 Summon Lightning Spire   Summ/Air       10%        N/A       54%         4
 Fire Storm               Conj/Fire      38%        8d10      99%         9
 Haunt                    Necr/Summ      5%         N/A       100%        7
 Borgnjor's Revivificati  Necr           5%         N/A       100%        8
 Infestation              Necr           5%         N/A       100%        8
 Maxwell's Capacitive Co  Air            5%         ∞         100%        8
 Death's Door             Necr           5%         N/A       100%        9


Dungeon Overview and Level Annotations

Branches:
Dungeon (10/15)            Temple (1/1) D:6            Lair (3/5) D:8
 Shoals (0/4) Lair:2        Snake (0/4) Lair:2          Orc (0/2) D:10
Volcano (visited)

Altars:
Ashenzari
Cheibriados
Dithmenos
Elyvilon
Fedhas
Gozag
Hepliaklqana
Kikubaaqudgha
Makhleb
Nemelex Xobeh
Okawaru
Qazlal
Ru
Sif Muna
Trog
Uskayaw
Vehumet
Wu Jian
Xom
Yredelemnul
Zin
The Shining One

Shops:
D:5 :

Annotations:
D:4 1 runed translucent door, Crazy Yiuf
D:9 Maggie
D:10 Lodul


Innate Abilities, Weirdness & Mutations

You cannot wear most types of armour.
You are amphibious.
You can wear up to eight rings at the same time.
Your skin changes colour to match your surroundings (Stealth+).
Your rubbery body absorbs attacks. (AC +1, EV +1)
((You are camouflaged when in or above water. (Stealth+)))
You have tentacles for arms and can constrict up to eight enemies at once.


Message History

Confirm with . or Enter, or press ? or * to list all spells.
Okay, then.
Unknown command.
Casting: Foxfire (safe; 1% risk of failure)
Confirm with . or Enter, or press ? or * to list all spells.
Okay, then.
Unknown command.
Okay, then.
Okay, then.
Press: ? - help, v - describe, . - travel The floor.
Press: ? - help, v - describe, . - travel
Here: a skyshark (severely wounded, ally target)
The floor.
Aiming: Iceblast
Press: ? - help, Shift-Dir - straight line The mass of ice explodes!
The iceblast engulfs the skyshark.
The skyshark is severely wounded.
Something shouts, "Turn tail, thou pribbling beef-witted maggot-pie!"
The foxfire hits the skyshark.
The skyshark is severely wounded.
The skyshark bites you!
The skyshark tastes blood and grows stronger!
The skyshark closely misses you.
The skyshark tail-slaps you but does no damage.
Okay, then.
As you read the scroll of teleportation, it crumbles to dust.
You feel strangely unstable. The skyshark bites you.
The skyshark enters a blood-rage!
The skyshark misses you.
The skyshark tail-slaps you but does no damage.
The skyshark bites you! The skyshark tail-slaps you.
The skyshark tail-slaps you!
* * * LOW HITPOINT WARNING * * *
The skyshark attacks as it pursues you! The skyshark barely misses you.
The skyshark tail-slaps you!
* * * LOW HITPOINT WARNING * * *
The skyshark tail-slaps you!
* * * LOW HITPOINT WARNING * * *
The skyshark bites you.
You die...

.........................~~~≈~~~.
:......P..............†..~≈≈≈~≈~.
.......P.###.#..#...#P#~~≈~≈≈~~~~
.#[.....P# #####....###~~~~~.~~≈~
#....P.# ##...# ~~~≈≈.>.≈
#†...PP## ##...# ~~≈≈~.~
.##........ #....# ~≈≈≈~
..<......# ##F..# ..#......#
#@.÷.# #.#.....#.##..###...###
......................###..
..................../......
...........................
.............÷.............
#.#........................
..........#..+.+ #'#.P.....#...#.


You could see a skyshark (berserk).

Vanquished Creatures
  Fannar (Lair:3)
  2 skysharks
  Pikel (D:8)
  Maurice (D:10)
  2 black mambas (Lair:2)
  4 cane toads
  A torpor snail (Lair:1)
  Jeremiah (D:9)
  2 komodo dragons
  A rime drake (Lair:1)
  A polar bear (Lair:3)
  8 blink frogs
  3 dream sheep (Lair:1)
  A wraith (D:9)
  2 wyverns
  4 fire bats (Volcano)
  22 yaks
  5 basilisks
  Menkaure (D:4)
  Edmund (D:4)
  A steam dragon (D:7)
  An acid dragon (D:9)
  11 water moccasins
  4 ice beasts
  3 orc warriors
  2 sky beasts
  5 wolves (Lair:2)
  7 centaurs
  2 lemures (D:8)
  A kobold brigand (D:9)
  9 bullfrogs
  A scorpion (D:4)
  14 wights
  16 killer bees
  7 howler monkeys
  4 lava snakes (Volcano)
  2 bullfrog zombies (D:5)
  2 centaur zombies (D:5)
  2 bombardier beetles (D:5)
  5 hounds
  2 jellies (D:6)
  5 orc priests
  A gnoll bouda (D:7)
  Jessica (D:2)
  2 scorpion zombies (D:5)
  An iguana (D:5)
  3 sleepcaps
  5 orc wizards
  Ijyb (D:4)
  Robin (D:2)
  17 gnolls
  13 adders
  4 white imps
  An ufetubus (D:6)
  2 dart slugs
  A ribbon worm (D:4)
  28 orcs
  4 endoplasms
  6 giant cockroaches
  13 goblins
  10 hobgoblins
  3 jackals (D:2)
  6 quokkas
  5 ball pythons
  6 bats
  2 frilled lizards
  7 kobolds
  7 rats
320 creatures vanquished.

Vanquished Creatures (collateral kills)
  A foxfire (Lair:2)
1 creature vanquished.

Vanquished Creatures (others)
  A wolf (Lair:2)
  1142 foxfires
1143 creatures vanquished.

Grand Total: 1464 creatures vanquished

Notes
Turn   | Place    | Note
-------+----------+-------------------------------------------
     0 | D:1      | Berder the Octopode Fire Elementalist began the quest for
                  | the Orb.
     0 | D:1      | Reached XP level 1. HP: 11/11 MP: 3/3
    21 | D:1      | Found a faded altar of an unknown god.
   404 | D:1      | Reached XP level 2. HP: 17/17 MP: 1/5
   911 | D:1      | Reached XP level 3. HP: 21/21 MP: 2/6
   956 | D:1      | Learned a level 2 spell: Scorch
  1118 | D:2      | Noticed Robin
  1557 | D:2      | Killed Robin
  1558 | D:2      | Reached XP level 4. HP: 21/27 MP: 0/7
  2144 | D:2      | Noticed Jessica
  2148 | D:2      | Killed Jessica
  2149 | D:2      | Reached XP level 5. HP: 31/31 MP: 2/8
  2205 | D:2      | Learned a level 4 spell: Flame Wave
  3422 | D:3      | Reached XP level 6. HP: 36/36 MP: 6/10
  4530 | D:4      | Noticed Edmund
  4547 | D:4      | Killed Edmund
  4548 | D:4      | Reached XP level 7. HP: 33/41 MP: 0/12
  4910 | D:4      | Noticed Menkaure
  4915 | D:4      | Killed Menkaure
  4916 | D:4      | Reached skill level 5 in Conjurations
  4916 | D:4      | Reached skill level 5 in Fire Magic
  5155 | D:4      | Noticed Ijyb
  5159 | D:4      | Killed Ijyb
  5242 | D:4      | Found a runed translucent door.
  5243 | D:4      | Noticed Crazy Yiuf
  5438 | D:5      | Entered Level 5 of the Dungeon
  5675 | D:5      | Reached XP level 8. HP: 46/46 MP: 8/15
  5972 | D:5      | Reached skill level 5 in Spellcasting
  6246 | D:5      | Found a hide-covered altar of Uskayaw.
  6450 | D:5      | Found Qatosef's Tremendous Tomes.
  6743 | D:5      | Found a basalt altar of Yredelemnul.
  7100 | D:6      | Reached XP level 9. HP: 32/51 MP: 8/18
  7167 | D:6      | Learned a level 6 spell: Starburst
  7244 | D:6      | Found a burning altar of Makhleb.
  7727 | D:6      | Found a shimmering blue altar of Sif Muna.
  8014 | D:6      | Found a staircase to the Ecumenical Temple.
  8041 | Temple   | Entered the Ecumenical Temple
  8698 | D:7      | Found a shadowy altar of Dithmenos.
  9070 | D:7      | Found a radiant altar of Vehumet.
  9152 | D:7      | Became a worshipper of Vehumet
  9768 | D:8      | Reached XP level 10. HP: 56/56 MP: 7/21
 10139 | D:8      | Found a blossoming altar of Fedhas.
 10295 | D:8      | Noticed Pikel
 10303 | D:8      | Killed Pikel
 10624 | D:8      | Found a staircase to the Lair.
 10823 | D:9      | Noticed Jeremiah
 10840 | D:9      | Killed Jeremiah
 11320 | D:9      | Reached * piety under Vehumet
 11320 | D:9      | Offered knowledge of Magic Dart by Vehumet.
 11690 | D:9      | Noticed Maggie
 11776 | D:10     | Entered Level 10 of the Dungeon
 11998 | D:10     | Noticed Maurice
 12002 | D:10     | Killed Maurice
 12213 | D:10     | Found a staircase to the Orcish Mines.
 12257 | D:10     | Reached XP level 11. HP: 36/61 MP: 1/23
 12482 | D:10     | Noticed Lodul
 12856 | Lair:1   | Entered Level 1 of the Lair of Beasts
 12865 | Lair:1   | Reached skill level 10 in Conjurations
 12865 | Lair:1   | Reached skill level 10 in Fire Magic
 13095 | Lair:1   | You fall into a shaft and drop 1 floor!
 13250 | Lair:1   | Found a dark tunnel.
 13258 | Volcano  | Entered a volcano
 13306 | Volcano  | Learned a level 1 spell: Magic Dart
 13496 | Volcano  | Reached ** piety under Vehumet
 13496 | Volcano  | Offered knowledge of Searing Ray by Vehumet.
 13511 | Volcano  | Learned a level 2 spell: Searing Ray
 13950 | Volcano  | Noticed a hell knight
 14988 | Lair:2   | Reached skill level 10 in Spellcasting
 15337 | Lair:2   | Reached XP level 12. HP: 66/66 MP: 15/26
 15553 | Lair:2   | Offered knowledge of Frozen Ramparts by Vehumet.
 15913 | Lair:2   | Found a staircase to the Snake Pit.
 15975 | Lair:2   | Found a stormy altar of Qazlal.
 15989 | Lair:2   | Reached *** piety under Vehumet
 16542 | Lair:2   | Found a staircase to the Shoals.
 16721 | Lair:2   | Noticed a skyshark
 16727 | Lair:2   | Killed a skyshark
 17107 | Lair:3   | Noticed a skyshark
 17111 | Lair:3   | Killed a skyshark
 17249 | D:5      | Bought the Handbook of the Fiery Cucurbite for 800 gold
                  | pieces
 17255 | D:5      | Learned a level 5 spell: Fireball
 17410 | Lair:3   | Noticed Fannar
 17417 | Lair:3   | Killed Fannar
 17875 | Lair:3   | Noticed a skyshark
 17902 | Lair:3   | HP: 2/66 [skyshark (8)]
 17902 | Lair:3   | Slain by a skyshark

Illustrated notes

Levels and vault maps discovered:
D:1:      nzn_arrival_depleted_hourglass, layout_rooms, basic_ecumenical_altar,
          minmay_misc_feat_columns
D:2:      wad_lake_hut, layout_basic, uniq_jessica, uniq_robin
D:3:      layout_loops_cross
D:4:      layout_loops_corners, uniq_crazy_yiuf_cottage, uniq_menkaure,
          uniq_edmund, uniq_ijyb
D:5:      layout_rooms, nicolae_yredelemnul_corpse_copse,
          mainiacjoe_overflow_brackets, grunt_decor_resistance,
          nicolae_shop_i_like_big_books, grunt_decor_junction
D:6:      layout_rooms, kennysheep_orc_sif_temple, lightli_temple_of_fire,
          minmay_temple_entry_fiery, st_stairs_11, lemuel_flamethrower_1
D:7:      layout_layer_cave, mainiacjoe_overflow_six_doors_small,
          grunt_dithmenos_smoke
D:8:      layout_loops_ring, fedhas_altar_2, lair_entry_dummy, serial_glass,
          glass_columns_a, glass_columns_a, uniq_pikel
D:9:      layout_loops_ring, uniq_maggie, uniq_jeremiah
D:10:     layout_gridville, orc_0_dummy, uniq_maurice, uniq_lodul
Temple:   nicolae_temple_bog_church
Lair:1:   layout_small_grid, lightli_volcano_entry_magma_tube,
          chequers_serial_rivers_small_a
Lair:2:   layout_cave_pods, minmay_shoals_entry_centaurs,
          minmay_snake_entry_six_corridors, basic_altar
Lair:3:   layout_regular_city, ice2_lemuel, infiniplex_staircase_pool_2,
          serial_bayou_shore_b, uniq_fannar

Skill      XL: |  1  2  3  4  5  6  7  8  9 10 11 12 |
---------------+-------------------------------------+-----
Conjurations   | 2 3 4 5 6 8 9 11 12 | 12.9
Spellcasting   | 3 4 6 7 8 10 | 10.0
Fire Magic     | 4 5 6 8 9 11 12 | 12.9
Dodging        | |  2.0
Stealth        | |  2.6

Action                     |  1- 3 |  4- 6 |  7- 9 | 10-12 || total
---------------------------+-------+-------+-------+-------++-------
  Melee: Unarmed           |     5 |       |       |       ||     5
         Constrict         |     2 |     1 |     1 |     1 ||     5
         Tentacles         |     1 |       |       |     1 ||     2
         Dagger            |     2 |       |       |       ||     2
         Trident           |     1 |     2 |       |       ||     3
         Falchion          |       |     3 |     1 |       ||     4
         Staff             |       |       |     2 |     2 ||     4
         Rapier            |       |       |       |     5 ||     5
  Throw: Dart              |       |     2 |     2 |     1 ||     5
   Cast: Foxfire           |    69 |   128 |   262 |   242 ||   701
         Scorch            |     2 |     9 |    48 |    26 ||    85
         Flame Wave        |       |       |     5 |    49 ||    54
         Magic Dart        |       |       |       |    47 ||    47
         Searing Ray       |       |       |       |     2 ||     2
         Starburst         |       |       |       |    19 ||    19
         Fireball          |       |       |       |    20 ||    20
  Evoke: Wand              |       |       |       |     2 ||     2
    Use: Scroll            |       |     5 |     1 |    12 ||    18
         Potion            |       |       |       |     7 ||     7
   Stab: Sleeping          |     1 |     1 |       |       ||     2
 Armour: Skin              |    15 |    13 |    47 |   133 ||   208
  Dodge: Dodged            |    10 |     4 |    43 |    95 ||   152

Table legend: (Time is in decaauts)
 A = Elapsed time spent in this place.
 B = Non-inter-level travel time spent in this place.
 C = Inter-level travel time spent in this place.
 D = Time resting spent in this place.
 E = Time spent auto-exploring this place.
 F = Levels seen in this place.
 G = Mean time per level.
                   A        B        C        D        E       F      G
               +--------+--------+--------+--------+--------+-----+--------+
         Total |  17897 |  17131 |    766 |   6221 |   7361 |  15 | 1193.1 |
       Dungeon |  12961 |  12378 |    583 |   4274 |   5751 |  10 | 1296.1 |
        Temple |     43 |     43 |      0 |      0 |     42 |   1 |   43.0 |
          Lair |   4126 |   3943 |    183 |   1571 |   1537 |   3 | 1375.3 |
       Volcano |    765 |    765 |      0 |    376 |     31 |   1 |  765.0 |
               +--------+--------+--------+--------+--------+-----+--------+

Top non-repeatable levels by time:
  Lair:2: 2231 daAuts
     D:5: 1712 daAuts
     D:8: 1663 daAuts
     D:2: 1485 daAuts
     D:4: 1469 daAuts
     D:7: 1369 daAuts
  Lair:1: 1357 daAuts
     D:1: 1265 daAuts
     D:3: 1218 daAuts
     D:6: 1042 daAuts
     D:9: 976 daAuts
 Volcano: 765 daAuts
    D:10: 758 daAuts
  Lair:3: 537 daAuts
  Temple: 43 daAuts
